 Dungeon Crawl Stone Soup version 0.31-a0-145-g046c7d2549 (webtiles) character file.

Game seed: 11438142930654995022

3518 qw the Skirmisher (level 9, -6/82 HPs)
             Began as a Minotaur Hunter on June 7, 2023.
             Was a Follower of Okawaru.
             Mangled by a yak (10 damage)
             ... on level 8 of the Dungeon.
             The game lasted 00:02:59 (7290 turns).

qw the Skirmisher (Minotaur Hunter)                 Turns: 7290, Time: 00:02:59

Health: -6/82      AC: 17    Str: 20    XL:     9   Next: 81%
Magic:  11/11      EV: 17    Int:  5    God:    Okawaru [*.....]
Gold:   285        SH:  0    Dex: 17    Spells: 8/8 levels left

rFire   . . .        Y - +2 shortbow
rCold   . . .        (shield currently unavailable)
rNeg    . . .        k - +3 ring mail {Will+}
rPois   .            (helmet unavailable)
rElec   .            (no cloak)
rCorr   .            e - +1 pair of gloves
SInv    .            h - +0 pair of boots
Will    +....        g - amulet of the acrobat
Stlth   +++          a - +4 ring of protection
HPRegen 0.33/turn    (no ring)
MPRegen 0.12/turn

%: acrobat
@: about to teleport, heroic, slowed, very slow
A: horns 3, retaliatory headbutt, strong 1, noise suppression
a: Renounce Religion, Heroism


You were on level 8 of the Dungeon.
You worshipped Okawaru.
Okawaru was aware of your devotion.
You visited 2 branches of the dungeon, and saw 9 of its levels.

You collected 423 gold pieces.
You spent 138 gold pieces at shops.


Innate Abilities, Weirdness & Mutations

You have a pair of large horns on your head.
You reflexively headbutt those who attack you in melee.
Your muscles are strong. (Str +4, Int/Dex -1)
You passively dampen the noise of your surroundings.


   Skills:
 - Level 8.4(13.4) Fighting
 - Level 12.0(17.0) Ranged Weapons
 + Level 3.3(8.3) Armour
 - Level 5.4(10.4) Dodging
 - Level 0.7(5.7) Stealth
 - Level 4.0 Invocations


You had 8 spell levels left.
You didn't know any spells.
Your spell library was empty.

Inventory:

Hand Weapons
 Y - a +2 shortbow (weapon)
Armour
 e - a +1 pair of gloves (worn)
 h - a +0 pair of boots (worn)
 k - a +3 ring mail of willpower (worn)
 l - a +2 leather armour of fire resistance
Jewellery
 a - a +4 ring of protection (left hand)
 g - an amulet of the acrobat (around neck)
Scrolls
 b - a scroll of identify
 m - a scroll of blinking {unknown}
Potions
 f - a potion of might
 i - 2 potions of mutation
 j - a potion of cancellation

Dungeon Overview and Level Annotations

Branches:
Dungeon (8/15)             Temple (1/1) D:4
   Lair: D:8-11

Altars:
Ashenzari
Cheibriados
Dithmenos
Elyvilon
Fedhas
Gozag
Hepliaklqana
Kikubaaqudgha
Makhleb
Nemelex Xobeh
Okawaru
Qazlal
Ru
Sif Muna
Trog
Uskayaw
Vehumet
Wu Jian
Xom
Yredelemnul
Zin
The Shining One

Shops:
D:1 =   D:3 ?

Annotations:
D:4 2 runed translucent doors, qw's ghost, novice GrFi


Message History

The orc complains repeatedly.
7285 ||| Stepping ~*~*~tactically~*~*~ (outnumbered).
A yak comes into view.
You feel sick.
The yak bellows! x2
The orc hits you but does no damage.
Enter note:
Enter note:
Enter note:
Enter note: You shoot an arrow.
The arrow barely misses the yak.
The yak bellows!
You feel sick.
You are no longer poisoned.
The yak barely misses you.
The yak snorts and paws the ground.
The gnoll hits you but does no damage.
You shoot an arrow. The arrow hits the gnoll.
The gnoll is moderately wounded.
The yak gores you. The gnoll hits you with a +0 flail.
The gnoll barely misses you.
You shoot an arrow. The arrow hits the gnoll!
You kill the gnoll!
Okawaru accepts your kill. The yak gores you but does no damage.
The yak gores you! The gnoll closely misses you.
7289 ||| READING scroll of teleportation.
As you read the scroll of teleportation, it crumbles to dust.
You feel strangely unstable. The yak gores you.
A gnoll comes into view. It is wielding a +0 spear.
The gnoll sergeant hits you from afar with a +0 spear.
The gnoll hits you but does no damage. The gnoll barely misses you.
The gnoll closely misses you. The yak closely misses you. The yak gores you.
The gnoll sergeant hits you but does no damage.
The yak gores you.
You shoot an arrow. The arrow hits the yak!
The yak is moderately wounded.
The yak gores you! x2
You die...

.>.g... . .g..... ..
## ....... ...###.
....... . ......g
....... .
#...YY##g...... #
#...Yo@g......? .
.....YYY).$..... .
................ .
................ . #
................ #.
#............... .
#..##...............
.
#..#................
.
#..................


You could see 6 yaks, a gnoll sergeant, 2 gnolls and an orc.

Vanquished Creatures
  Pikel (D:7)
  3 yaks (D:8)
  A steam dragon (D:7)
  2 water moccasins
  Menkaure (D:6)
  A black bear (D:4)
  An orc warrior (D:6)
  A sky beast (D:7)
  An ice beast (D:5)
  An ogre (D:4)
  A kobold brigand (D:7)
  A bullfrog (D:7)
  6 scorpions
  4 wights (D:8)
  A gnoll bouda (D:7)
  4 jellies
  2 sleepcaps
  3 orc priests
  2 hounds
  8 iguanas
  6 orc wizards
  8 gnolls
  11 adders
  A river rat (D:4)
  3 worms
  A dart slug (D:4)
  14 orcs
  4 ball pythons
  6 endoplasms
  5 giant cockroaches
  7 goblins
  7 hobgoblins
  5 jackals
  4 quokkas
  5 bats
  6 frilled lizards
  14 kobolds
  8 rats
160 creatures vanquished.

Vanquished Creatures (others)
  An orc wizard (D:5)
1 creature vanquished.

Grand Total: 161 creatures vanquished

Notes
Turn   | Place    | Note
-------+----------+-------------------------------------------
     0 | D:1      | qw the Minotaur Hunter began the quest for the Orb.
     0 | D:1      | Reached XP level 1. HP: 18/18 MP: 0/0
     0 | D:1      | 0 ||| qw: Version: 0.2-a-117-gc6b5c8b
     0 | D:1      | 0 ||| qw: Game counter: 2476
     0 | D:1      | 0 ||| qw: Always use a shield: true
     0 | D:1      | 0 ||| qw: God list: Okawaru
     0 | D:1      | 0 ||| qw: Allow faded altars: false
     0 | D:1      | 0 ||| qw: Do Orc after D:15 true
     0 | D:1      | 0 ||| qw: Do second Lair branch before Depths: true
     0 | D:1      | 0 ||| qw: Lair rune preference: random
     0 | D:1      | 0 ||| qw: Plans: Normal
     0 | D:1      | 0 ||| PLANNING D:1-11
     0 | D:1      | Found Omuodwan's Jewellery Shop.
    12 | D:1      | 12 ||| SHOPLISTING +4 ring of slaying (1014 gold, have 0).
    12 | D:1      | 12 ||| SHOPLISTING +6 ring of dexterity (468 gold, have 0).
    12 | D:1      | 12 ||| SHOPLISTING amulet of reflection (390 gold, have 0).
    12 | D:1      | 12 ||| SHOPLISTING ring of positive energy (260 gold, have
                  | 0).
    12 | D:1      | 12 ||| SHOPLISTING ring of see invisible (195 gold, have
                  | 0).
    12 | D:1      | 12 ||| SHOPLISTING ring of willpower (325 gold, have 0).
   143 | D:1      | Reached XP level 2. HP: 25/25 MP: 1/1
   220 | D:1      | Reached skill level 5 in Ranged Weapons
   453 | D:1      | Reached skill level 3 in Fighting
   806 | D:1      | 806 ||| UPGRADING to +0 ring mail.
   816 | D:1      | 816 ||| DROPPING +0 leather armour.
   817 | D:1      | 817 ||| UPGRADING to +0 pair of boots.
   822 | D:1      | 822 ||| UPGRADING to amulet of the acrobat.
   827 | D:1      | 827 ||| READING scroll labelled PUOXIO TAPA.
   875 | D:1      | 875 ||| READING scroll labelled VEHUASSOBB.
   876 | D:1      | 876 ||| DRINKING 2 fizzy amethyst potions.
   877 | D:1      | 877 ||| DROPPING scroll of butterflies.
   878 | D:1      | 878 ||| DROPPING potion of attraction.
   880 | D:1      | 880 ||| Stepping ~*~*~tactically~*~*~ (cloud).
   988 | D:2      | Reached skill level 1 in Armour
   988 | D:2      | Reached XP level 3. HP: 25/31 MP: 2/2
  1058 | D:2      | Found the +7 captain's cutlass {speed, disarm}
  1452 | D:2      | 1452 ||| READING 3 scrolls labelled POGAOMP ZENER.
  1453 | D:2      | 1453 ||| READING scroll labelled DYNEYDI AWUA.
  1454 | D:2      | 1454 ||| READING 2 scrolls labelled LORIEL IDALE.
  1457 | D:2      | 1457 ||| READING scroll labelled URIATA ZAEMN.
  1458 | D:2      | 1458 ||| DRINKING 2 brown potions.
  1459 | D:2      | 1459 ||| READING 2 scrolls of identify.
  1459 | D:2      | 1459 ||| IDENTIFYING fizzy puce potion
  1460 | D:2      | 1460 ||| DROPPING potion of lignification.
  1490 | D:3      | Reached XP level 4. HP: 33/38 MP: 3/3
  1582 | D:3      | Found a faded altar of an unknown god.
  1697 | D:3      | Reached skill level 6 in Ranged Weapons
  1766 | D:3      | Found a shadowy altar of Dithmenos.
  2049 | D:3      | Reached XP level 5. HP: 39/46 MP: 4/4
  2272 | D:3      | Found Pusufrar's Magic Scroll Shoppe.
  2287 | D:3      | 2287 ||| BUYING scroll of enchant weapon (90 gold).
  2287 | D:3      | Bought a scroll of enchant weapon for 90 gold pieces
  2287 | D:3      | 2287 ||| BUYING scroll of identify (24 gold).
  2287 | D:3      | Bought a scroll of identify for 24 gold pieces
  2287 | D:3      | 2287 ||| BUYING scroll of identify (24 gold).
  2287 | D:3      | Bought a scroll of identify for 24 gold pieces
  2287 | D:3      | 2287 ||| SHOPLISTING scroll of identify (24 gold, have 3).
  2287 | D:3      | 2287 ||| READING 2 scrolls of enchant weapon.
  2287 | D:3      | 2287 ||| ENCHANTING +0 shortbow.
  2288 | D:3      | 2288 ||| READING scroll of enchant weapon.
  2288 | D:3      | 2288 ||| ENCHANTING +1 shortbow.
  2485 | D:3      | 2485 ||| UPGRADING to +2 leather armour of fire resistance.
  2495 | D:3      | 2495 ||| DROPPING +0 ring mail.
  2496 | D:3      | 2496 ||| READING scroll labelled FYCI ONEJOCK.
  2497 | D:3      | 2497 ||| DRINKING 3 bubbling inky potions.
  2497 | D:3      | Gained mutation: You passively dampen the noise of your
                  | surroundings. [potion of mutation]
  2497 | D:3      | Gained mutation: Your muscles are strong. (Str +4, Int/Dex
                  | -1) [potion of mutation]
  2497 | D:3      | Gained mutation: You have a pair of large horns on your
                  | head. [potion of mutation]
  2498 | D:3      | 2498 ||| READING 4 scrolls of identify.
  2498 | D:3      | 2498 ||| IDENTIFYING smoky dark potion
  2499 | D:3      | 2499 ||| READING 3 scrolls of identify.
  2499 | D:3      | 2499 ||| IDENTIFYING cyan potion
  2554 | D:4      | 2554 ||| PLANNING SEWER
  2564 | D:4      | Noticed a black bear
  2570 | D:4      | HP: 11/46 [black bear (4)]
  2571 | D:4      | 2571 ||| READING scroll of teleportation.
  2572 | D:4      | 2572 ||| DRINKING potion of heal wounds.
  2572 | D:4      | Killed a black bear
  2573 | D:4      | Reached skill level 7 in Ranged Weapons
  2782 | D:4      | Found a staircase to the Ecumenical Temple.
  2794 | D:4      | Reached XP level 6. HP: 52/52 MP: 5/5
  2837 | D:4      | Found a large runed translucent door.
  2837 | D:4      | Found a large runed translucent door.
  2844 | D:4      | Noticed qw's ghost (novice GrFi)
  2860 | D:4      | Reached skill level 8 in Ranged Weapons
  3262 | D:4      | Reached XP level 7. HP: 61/61 MP: 6/6
  3326 | D:4      | 3326 ||| RIP SEWER
  3373 | D:4      | 3373 ||| PLANNING TEMPLE
  3373 | D:4      | 3373 ||| UPGRADING to +0 pair of gloves.
  3378 | D:4      | 3378 ||| DRINKING 2 coppery potions.
  3379 | D:4      | 3379 ||| READING 2 scrolls of identify.
  3379 | D:4      | 3379 ||| IDENTIFYING viscous silvery potion
  3380 | D:4      | 3380 ||| DROPPING potion of degeneration.
  3421 | Temple   | Entered the Ecumenical Temple
  3476 | Temple   | 3476 ||| PLANNING D:1-11
  3615 | D:4      | Found an iron altar of Okawaru.
  3616 | D:4      | 3616 ||| PLANNING OKAWARU WORSHIP
  3623 | D:4      | Became a worshipper of Warmaster Okawaru
  3623 | D:4      | 3623 ||| PLANNING D:1-11
  3629 | D:4      | Found a glowing golden altar of the Shining One.
  3629 | D:4      | Found a sparkling altar of Nemelex Xobeh.
  3637 | D:4      | Found a burning altar of Makhleb.
  3640 | D:4      | Found a basalt altar of Yredelemnul.
  3745 | D:5      | Entered Level 5 of the Dungeon
  3907 | D:5      | Found a stormy altar of Qazlal.
  4328 | D:5      | Reached skill level 9 in Ranged Weapons
  4335 | D:5      | 4335 ||| Stepping randomly (disturbance).
  4340 | D:5      | Reached skill level 3 in Dodging
  4467 | D:5      | Reached skill level 6 in Fighting
  4478 | D:5      | Reached * piety under Okawaru
  4486 | D:5      | 4486 ||| INVOKING Heroism.
  4770 | D:5      | Reached XP level 8. HP: 48/70 MP: 7/7
  4900 | D:5      | 4900 ||| DROPPING +6 ring of intelligence.
  4946 | D:6      | Found a bloodstained altar of Trog.
  4947 | D:6      | 4947 ||| INVOKING Heroism.
  5072 | D:6      | Reached skill level 10 in Ranged Weapons
  5072 | D:6      | Reached skill level 1 in Invocations
  5073 | D:6      | 5073 ||| INVOKING Heroism.
  5249 | D:6      | You fall into a shaft and drop 1 floor!
  5264 | D:6      | 5264 ||| INVOKING Heroism.
  5502 | D:6      | 5502 ||| INVOKING Heroism.
  5518 | D:6      | Reached skill level 3 in Invocations
  5536 | D:6      | 5536 ||| DRINKING potion of curing.
  5536 | D:6      | 5536 ||| (to cure confusion)
  5560 | D:6      | 5560 ||| FLEEEEING.
  5561 | D:6      | 5561 ||| FLEEEEING.
  5915 | D:6      | Noticed Menkaure
  5916 | D:6      | 5916 ||| INVOKING Heroism.
  5920 | D:6      | Killed Menkaure
  5988 | D:6      | 5988 ||| INVOKING Heroism.
  6115 | D:6      | 6115 ||| UPGRADING to +3 ring mail of willpower.
  6125 | D:6      | 6125 ||| READING scroll labelled FUUNWULEO.
  6126 | D:6      | 6126 ||| READING scroll labelled UDDAZ FIXTICWU.
  6210 | D:7      | Reached skill level 3 in Armour
  6293 | D:7      | Reached XP level 9. HP: 56/79 MP: 11/11
  6313 | D:7      | 6313 ||| FLEEEEING.
  6314 | D:7      | 6314 ||| FLEEEEING.
  6315 | D:7      | 6315 ||| FLEEEEING.
  6316 | D:7      | 6316 ||| FLEEEEING.
  6317 | D:7      | 6317 ||| FLEEEEING.
  6320 | D:7      | 6320 ||| FLEEEEING.
  6321 | D:7      | 6321 ||| FLEEEEING.
  6322 | D:7      | 6322 ||| STAIRDANCE
  6421 | D:7      | Reached ** piety under Okawaru
  6480 | D:7      | Noticed Pikel
  6481 | D:7      | 6481 ||| INVOKING Heroism.
  6498 | D:7      | Killed Pikel
  6499 | D:7      | Reached skill level 11 in Ranged Weapons
  6548 | D:7      | 6548 ||| INVOKING Heroism.
  6574 | D:7      | 6574 ||| INVOKING Heroism.
  6580 | D:7      | 6580 ||| Stepping ~*~*~tactically~*~*~ (cloud).
  6740 | D:7      | 6740 ||| INVOKING Heroism.
  7008 | D:7      | 7008 ||| UPGRADING to +4 ring of protection.
  7044 | D:8      | 7044 ||| READING scroll of enchant armour.
  7044 | D:8      | 7044 ||| ENCHANTING +0 pair of gloves.
  7065 | D:8      | Reached skill level 12 in Ranged Weapons
  7103 | D:8      | 7103 ||| INVOKING Heroism.
  7255 | D:8      | 7255 ||| INVOKING Heroism.
  7264 | D:8      | HP: 19/82 [yak (3)]
  7265 | D:8      | 7265 ||| READING 3 scrolls of teleportation.
  7266 | D:8      | 7266 ||| DRINKING 2 potions of heal wounds.
  7278 | D:8      | 7278 ||| INVOKING Heroism.
  7278 | D:8      | HP: 17/82 [asphyx]
  7279 | D:8      | 7279 ||| READING 2 scrolls of teleportation.
  7280 | D:8      | 7280 ||| DRINKING potion of heal wounds.
  7285 | D:8      | 7285 ||| Stepping ~*~*~tactically~*~*~ (outnumbered).
  7288 | D:8      | HP: 19/82 [yak (10)]
  7289 | D:8      | 7289 ||| READING scroll of teleportation.
  7290 | D:8      | HP: 4/82 [yak (8)]
  7290 | D:8      | Mangled by a yak

Levels and vault maps discovered:
D:1:      scummos_arrival_hexagon, layout_basic, serial_shops, shop,
          hangedman_decor_points
D:2:      wad_crossroads, layout_rooms
D:3:      layout_basic, grunt_dithmenos_smoke, basic_ecumenical_altar,
          serial_shops, nicolae_shop_window_shopping
D:4:      layout_gridville, minmay_overflow_temple_star_hex, temple_fountains,
          ebering_ghost_disaster_area, gup_sewer_entry_bubbles,
          palyth_stone_intersect
D:5:      layout_loops_corners, nicolae_overflow_crystal_walls
D:6:      layout_loops_cross, trog_butcher_becter, uniq_menkaure
D:7:      layout_cave_pools, grunt_decor_arrowhead, uniq_pikel
D:8:      layout_cave_pools
Temple:   zaba_magenta_temple

Skill      XL: |  1  2  3  4  5  6  7  8  9 |
---------------+----------------------------+-----
Ranged Weapons | 5 6 7 8 9 10 12 | 12.0
Fighting       | 3 4 5 6 7 8 |  8.4
Armour         | 1 3 |  3.3
Dodging        | 3 4 5 |  5.4
Invocations    | 4 |  4.0
Stealth        | |  0.7

Action                     |  1- 3 |  4- 6 |  7- 9 || total
---------------------------+-------+-------+-------++-------
   Fire: Shortbow          |   124 |   141 |   394 ||   659
 Invoke: Heroism           |       |       |    14 ||    14
    Use: Scroll            |     7 |     6 |     7 ||    20
         Potion            |     2 |     2 |     4 ||     8
 Armour: Leather armour    |     5 |    12 |    35 ||    52
         Ring mail         |     6 |    17 |    34 ||    57
  Dodge: Dodged            |    34 |    40 |   106 ||   180

Table legend:
 A = Non-vault XP
 B = Vault XP
 C = Vault XP percentage of total XP
 D = Non-vault monster count
 E = Vault monster count
 F = Vault count percentage of total count
                 A         B        C        D         E       F
            +---------+---------+-------+---------+---------+-------
      Total |    3831 |    1195 |  23.8 |     144 |      17 |  10.6
            +---------+---------+-------+---------+---------+-------
        D:1 |      39 |       0 |   0.0 |      25 |       0 |   0.0
        D:2 |      42 |       7 |  14.3 |      10 |       4 |  28.6
        D:3 |     137 |       0 |   0.0 |      23 |       0 |   0.0
        D:4 |     513 |      33 |   6.0 |      21 |       7 |  25.0
        D:5 |     655 |       0 |   0.0 |      17 |       0 |   0.0
        D:6 |     700 |     492 |  41.3 |      20 |       5 |  20.0
        D:7 |     806 |     663 |  45.1 |      15 |       1 |   6.2
        D:8 |     939 |       0 |   0.0 |      13 |       0 |   0.0
            +---------+---------+-------+---------+---------+-------
